 Dungeon Sprint DCSS version 0.29-a0-620-g13ace881f2 (webtiles) character file.

Game seed: 10279654488643493252

93 rocky1 the Ruffian (level 4, -1/44 HPs)
             Began as a Ghoul Monk on June 18, 2022.
             Was a Believer of Okawaru.
             Slain by an ogre
             ... wielding a +0 giant club
              (21 damage)
             ... in the Dungeon (Sprint VII: "The Pits").
             The game lasted 00:01:07 (411 turns).

rocky1 the Ruffian (Ghoul Monk)                      Turns: 411, Time: 00:01:08

Health: -1/44      AC:  2    Str: 16    XL:     4   Next: 61%
Magic:  3/3        EV: 13    Int:  5    God:    Okawaru [**....]
Gold:   0          SH:  0    Dex: 11    Spells: 3/3 levels left

rFire   . . .      SeeInvis .     - Unarmed
rCold   + . .      Faith    .   (no shield)
rNeg    + + +      Spirit   .   a - +0 robe
rPois   ∞          Reflect  .   (no helmet)
rElec   .          Harm     .   (no cloak)
rCorr   .          Rampage  .   (no gloves)
Will    .....      NoTele   +   (no boots)
Stlth   +++.......              (no amulet)
HPRegen 0.00/turn               (no ring)
MPRegen 0.08/turn               (no ring)

@: inhibited regen
A: claws 1, cold resistance 1, negative energy resistance 3, inhibited
regeneration, torment resistance 2, devour on kill
a: Renounce Religion, Heroism


You were in the Dungeon.
You worshipped Okawaru.
Okawaru was pleased with you.
You visited 1 branch

Inventory:

Armour
 a - a +0 robe (worn)
Scrolls
 g - a scroll of blinking
 i - 5 scrolls of amnesia
Potions
 b - a potion of ambrosia
 c - a potion of curing
 d - a potion of heal wounds
 e - a potion of haste
 f - 4 potions of magic
 h - 2 potions of invisibility


   Skills:
 + Level 5.7 Fighting
 + Level 4.7 Dodging
 + Level 5.5 Stealth
 + Level 5.7 Unarmed Combat


You had 3 spell levels left.
You didn't know any spells.
Your spell library was empty.

Dungeon Overview and Level Annotations

Branches:
Dungeon (1/1)

Altars:
Ashenzari
Cheibriados
Dithmenos
Elyvilon
Fedhas
Gozag
Hepliaklqana
Kikubaaqudgha
Makhleb
Nemelex Xobeh
Okawaru
Qazlal
Ru
Sif Muna
Trog
Uskayaw
Vehumet
Wu Jian
Xom
Yredelemnul
Zin
The Shining One
Beogh
Jiyva
Lugonu


Innate Abilities, Weirdness & Mutations

You are immune to poison.
You have sharp fingernails.
Your flesh is cold resistant. (rC+)
You are immune to negative energy. (rN+++)
You do not regenerate when monsters are visible.
You are immune to unholy pain and torment.
You thrive by killing the living.


Message History

The endoplasm hits you but does no damage.
The gnoll hits you with a +0 club.
You scratch the gnoll.
The gnoll is severely wounded.
The ogre shouts!
You closely miss the gnoll.
The gnoll is severely wounded.
The endoplasm freezes you.
You are frozen.
You resist. The gnoll barely misses you.
You barely miss the gnoll.
The gnoll is severely wounded.
The gnoll hits you but does no damage. The endoplasm completely misses you.
There is an open door here.
The endoplasm attacks as you move away! The endoplasm misses you.
The ogre attacks as you move away! The ogre hits you with a +0 giant club!
The endoplasm jiggles.
You see here a +0 club.
There is an open door here.
The endoplasm attacks as you move away!
The endoplasm hits you but does no damage.
There is an open door here.
You completely miss the endoplasm.
The endoplasm hits you but does no damage.
You scratch the endoplasm but do no damage.
The endoplasm closely misses you.
You claw the endoplasm!
You kill the endoplasm!
Okawaru accepts your kill.
You feel better.
You closely miss the gnoll.
The gnoll is severely wounded.
The gnoll closely misses you.
You scratch the gnoll.
You kill the gnoll!
Okawaru accepts your kill.
You feel better.
You scratch the ogre but do no damage. The ogre closely misses you.
You scratch the ogre but do no damage.
The ogre hits you with a +0 giant club!!
You die...

############
#_________.#
#_________.#
#_______...###########
##########'##.........
#.?(!')))'.##......#..
##########.##.........
#....@O....)'.........
#+#####'#####......#..
#.....# #.........
#.....# ####'#####
###'### #.......#
#.))..# #.......#
#.....# #.......#
####'##+###...<...#
#...g...b##.......#


You could see an ogre.

Vanquished Creatures
  A scorpion (D)
  3 gnolls (D)
  An endoplasm (D)
  A kobold (D)
  A ball python zombie (D)
7 creatures vanquished.

Notes
Turn   | Place    | Note
-------+----------+-------------------------------------------
     0 | D        | rocky1 the Ghoul Monk began the quest for the Orb.
     0 | D        | Reached XP level 1. HP: 19/19 MP: 0/0
    17 | D        | Reached XP level 2. HP: 15/27 MP: 1/1
    21 | D        | Found a bloodstained altar of Trog.
    21 | D        | Found a shimmering blue altar of Sif Muna.
    21 | D        | Found a viscous altar of Jiyva.
    21 | D        | Found a hazy altar of Hepliaklqana.
    21 | D        | Found an opulent altar of Gozag.
    22 | D        | Found a basalt altar of Yredelemnul.
    22 | D        | Found a shimmering altar of Xom.
    22 | D        | Found an ornate altar of the Wu Jian Council.
    22 | D        | Found a sacrificial altar of Ru.
    22 | D        | Found a stormy altar of Qazlal.
    22 | D        | Found an iron altar of Okawaru.
    22 | D        | Found a sparkling altar of Nemelex Xobeh.
    22 | D        | Found a burning altar of Makhleb.
    22 | D        | Found a blossoming altar of Fedhas.
    22 | D        | Found a shadowy altar of Dithmenos.
    22 | D        | Found a snail-covered altar of Cheibriados.
    25 | D        | Found a corrupted altar of Lugonu.
    25 | D        | Found a radiant altar of Vehumet.
    26 | D        | Found an ancient bone altar of Kikubaaqudgha.
    26 | D        | Found a hide-covered altar of Uskayaw.
    26 | D        | Found a broken altar of Ashenzari.
    30 | D        | Became a worshipper of Warmaster Okawaru
    30 | D        | Reached * piety under Okawaru
    30 | D        | Reached ** piety under Okawaru
   154 | D        | Noticed a scorpion
   166 | D        | Killed a scorpion
   167 | D        | Reached skill level 5 in Fighting
   167 | D        | Reached skill level 5 in Stealth
   167 | D        | Reached skill level 5 in Unarmed Combat
   167 | D        | Reached XP level 3. HP: 24/36 MP: 2/2
   167 | D        | Reached XP level 4. HP: 28/42 MP: 3/3
   388 | D        | Noticed an ogre
   411 | D        | Slain by an ogre

Illustrated notes

Levels and vault maps discovered:
D:        pitsprint [storerooms_1, entrance_room_1, metal_vault_4, armoury_1,
          mini_pit_1, grid_room_1, main_hall_1, silver_pit, the_coven_3,
          the_vestibule_1, steel_vault_2, golden_pit, hallway_of_sentries,
          crystal_vault_2, iron_vault_2, final_vault]

Skill      XL: |  1  2 |
---------------+-------+-----
Fighting       | 4 5 |  5.7
Dodging        | 3 4 |  4.7
Stealth        | 3 5 |  5.5
Unarmed Combat | 4 5 |  5.7

Action                   |  1- 3 |  4- 6 || total
-------------------------+-------+-------++-------
Melee: Unarmed           |    12 |    20 ||    32
       Punch             |       |     1 ||     1
 Stab: Sleeping          |     2 |       ||     2
Armor: Robe              |     1 |     5 ||     6
Dodge: Dodged            |     4 |    12 ||    16

Table legend: (Time is in decaauts)
 A = Elapsed time spent in this place.
 B = Non-inter-level travel time spent in this place.
 C = Inter-level travel time spent in this place.
 D = Time resting spent in this place.
 E = Time spent auto-exploring this place.
 F = Levels seen in this place.
 G = Mean time per level.
                   A        B        C        D        E       F      G
               +--------+--------+--------+--------+--------+-----+--------+
         Total |    408 |    408 |      0 |    291 |      0 |   1 |  408.0 |
       Dungeon |    408 |    408 |      0 |    291 |      0 |   1 |  408.0 |
               +--------+--------+--------+--------+--------+-----+--------+

Top non-repeatable levels by time:
       D: 408 daAuts
